 Dungeon Crawl Stone Soup version 0.28.0 (webtiles) character file.

Game seed: 14857004508535681639

67 oldriver the Skirmisher (level 4, 0/38 HPs)
             Began as a Formicid Abyssal Knight on Feb 11, 2022.
             Was a Believer of Lugonu.
             Slain by an orc (3 damage)
             ... on level 2 of the Dungeon.
             The game lasted 00:01:50 (2085 turns).

oldriver the Skirmisher (Formicid Abyssal Knight)   Turns: 2085, Time: 00:01:51

Health: 0/38       AC:  4    Str: 19    XL:     4   Next: 40%
Magic:  4/5        EV: 11    Int: 10    God:    Lugonu [**....]
Gold:   48         SH:  0    Dex: 11    Spells: 3/3 levels left

rFire   . . .      SeeInvis +   a - +1 hand axe
rCold   . . .      Faith    .   (no shield)
rNeg    . . .      Spirit   .   h - +0 leather armour
rPois   .          Reflect  .   (helmet unavailable)
rElec   .          Harm     .   j - +0 cloak
rCorr   .          Rampage  .   (no gloves)
Will    .....                   (no boots)
Stlth   +.........              (no amulet)
HPRegen 0.12/turn               (no ring)
MPRegen 0.09/turn               (no ring)

@: no status effects
A: permanent stasis, dig shafts and tunnels, antennae 3, four strong arms
a: Dig, Shaft Self, Renounce Religion, Depart the Abyss, Bend Space


You were on level 2 of the Dungeon.
You worshipped Lugonu.
Lugonu was pleased with you.
You visited 1 branch of the dungeon, and saw 2 of its levels.
You visited the Abyss 1 time.

You collected 48 gold pieces.

Inventory:

Hand Weapons
 a - a +1 hand axe (weapon)
 b - a +0 hunting sling
Missiles
 c - 18 stones
 k - 4 poisoned darts
Armour
 h - a +0 leather armour (worn)
 j - a +0 cloak (worn)
Wands
 i - a wand of flame (12)
Scrolls
 e - a scroll of amnesia {unknown}
 f - a scroll of fog {unknown}
 g - a scroll of enchant weapon {unknown}
 l - a scroll of blinking {unknown}
 m - a scroll of vulnerability {unknown}
Potions
 d - a potion of lignification {unknown}


   Skills:
 + Level 4.4 Fighting
 + Level 3.3 Axes
 - Level 2.1 Armour
 - Level 0.8 Dodging
 - Level 2.1 Invocations


You had 3 spell levels left.
You didn't know any spells.
Your spell library was empty.

Dungeon Overview and Level Annotations

Branches:
Dungeon (2/15)

Altars:


Innate Abilities, Weirdness & Mutations

You cannot be hasted, slowed, berserked, paralysed or teleported.
You can dig through walls and to a lower floor.
You have a pair of large antennae on your head. (SInv)
Your four strong arms can wield two-handed weapons with a shield.


Message History

You are too injured to fight recklessly!
You are too injured to fight recklessly!
You are too injured to fight recklessly!
You are too injured to fight recklessly!
You are too injured to fight recklessly!
You are too injured to fight recklessly!
You are too injured to fight recklessly!
You are too injured to fight recklessly!
You are too injured to fight recklessly!
You are too injured to fight recklessly!
You are too injured to fight recklessly!
Unknown command.
You barely miss the orc priest. You hit the orc wizard.
The orc priest barely misses you.
The orc wizard gestures at you while chanting.
The puff of flame misses you.
Unknown command.
You hit the orc priest but do no damage.
You hit the orc wizard but do no damage.
The orc priest barely misses you.
The orc wizard hits you but does no damage.
Unknown command.
You hit the orc priest but do no damage.
You miss the orc wizard. The orc priest closely misses you.
The orc wizard barely misses you. The orc priest closely misses you.
You hit the orc priest but do no damage.
You punch the orc priest.
The orc priest is lightly wounded.
You hit the orc wizard. The orc wizard closely misses you.
The orc priest barely misses you.
You hit the orc priest.
The orc priest is moderately wounded.
You completely miss the orc wizard.
The orc wizard hits you but does no damage.
The orc priest mumbles some strange prayers to Beogh against you.
Beogh smites you!
* * * LOW HITPOINT WARNING * * *
Space bends around you!
You blink.
Found 11 gold pieces.
The orc hits you with a +0 hand axe.
You die...

#.............##
...............###
#.#...............#
#.#.#.#.........#.#
...............# #
...............#
.....#.##..#...#
.....#. #.ยง#o..#
... #. #.o.o@.#
.........# {
#.....#...#
#.......<<#
###.#.#..$#
#.......# #....$..#
#...#.###


You could see an orc priest, an orc wizard and an orc.

Vanquished Creatures
  3 adders (D:2)
  A worm (D:2)
  3 endoplasms
  A giant cockroach (D:1)
  4 goblins
  3 hobgoblins (D:1)
  6 jackals
  2 kobolds (D:2)
  A quokka (D:2)
  5 ball pythons
  4 bats
  3 frilled lizards
  2 rats (D:1)
38 creatures vanquished.

Notes
Turn   | Place    | Note
-------+----------+-------------------------------------------
     0 | Abyss:1  | oldriver the Formicid Abyssal Knight began the quest for
                  | the Orb.
     0 | Abyss:1  | Reached XP level 1. HP: 18/18 MP: 2/2
    32 | Abyss:1  | Found a bloodstained altar of Trog.
    44 | Abyss:1  | Found a shimmering altar of Xom.
    48 | D:1      | Escaped the Abyss
   503 | D:1      | Reached XP level 2. HP: 17/24 MP: 3/3
   689 | D:1      | Found a faded altar of an unknown god.
   896 | D:1      | Reached XP level 3. HP: 27/30 MP: 4/4
  1227 | D:2      | Reached skill level 4 in Fighting
  1396 | D:2      | Reached ** piety under Lugonu
  1698 | D:2      | Reached XP level 4. HP: 37/37 MP: 5/5
  2085 | D:2      | Slain by an orc

Illustrated notes

Levels and vault maps discovered:
D:1:      dpeg_arrival_shelter, layout_loops_ring,
          hellmonk_ecumenical_altar_crossroads
D:2:      minmay_inner_zag, layout_basic, minmay_snake_closets

Skill      XL: |  1  2  3 |
---------------+----------+-----
Fighting       | 4 |  4.4
Axes           | 3 |  3.3
Armour         | |  2.1
Dodging        | |  0.8
Invocations    | |  2.1

Action                   |  1- 3 |  4- 6 || total
-------------------------+-------+-------++-------
Melee: Hand axe          |    61 |    36 ||    97
       Punch             |       |     2 ||     2
 Fire: Hunting sling     |    15 |       ||    15
Invok: Bend Space        |       |     1 ||     1
 Abil: Dig               |     1 |       ||     1
Armor: Leather armour    |    20 |    10 ||    30
Dodge: Dodged            |    52 |    35 ||    87
